[ AOE2 MATCH · #507153848 ]
UnrankedMuisca vs Aztecs
Player's team · WIN
Rival team · LOSS
[ REPLAY ANALYSIS · EXTRACTED FROM THE RECORDED GAME ]
Feudal
8:50
Castle
22:17
Imperial
—
| APM avg | 86.1 |
| APM peak | 154 |
| eAPM avg | 52.7 |
| Villagers / military | 101 / 49 |
Focus
⚔️ 67.9% · 🌾 32.1%
Unknown (2550) ×106 · Archer ×30 · Skirmisher ×11 · Mangonel ×7 · Monk ×1
Feudal
9:18
Castle
21:56
Imperial
—
| APM avg | 78.5 |
| APM peak | 124 |
| eAPM avg | 31.3 |
| Villagers / military | 85 / 115 |
Focus
⚔️ 50.8% · 🌾 49.2%
Archer ×76 · Skirmisher ×23 · Eagle Scout ×9 · Mangonel ×4 · Militia ×3
Match map
Initial resources + every placement click. Lines = walls · curves = elevation contours. ◆ gold · ⬟ stone · ● berries · ✦ relic · ◌ wall gap
Your base· ✓ Closed at 22:17 · 50t walls · no gate
Oni.Kingstone's base· ✓ Closed at 21:56 · 37t walls · no gate
Smoothed initial terrain · ◌ = detected wall gap · hover for details
Inputs per minute
— wR.Prisma - - Oni.Kingstone
Build order — wR.Prisma
First 150 of 402 actions detected
| 0:00 | Create | Villager (Male) |
| 0:01 | Build | House |
| 0:02 | Build | House |
| 0:09 | Create | Villager (Male) |
| 0:14 | Create | Villager (Male) |
| 0:19 | Create | Villager (Male) |
| 1:34 | Create | Villager (Male) |
| 1:57 | Build | Settlement |
| 2:04 | Create | Villager (Male) |
| 2:25 | Create | Villager (Male) |
| 2:47 | Create | Villager (Male) |
| 2:56 | Create | Villager (Male) |
| 3:15 | Create | Villager (Male) |
| 3:59 | Create | Villager (Male) |
| 4:02 | Create | Villager (Male) |
| 4:21 | Create | Villager (Male) |
| 4:29 | Create | Villager (Male) |
| 4:32 | Build | Barracks |
| 5:26 | Research | Loom |
| 5:37 | Research | Loom |
| 5:39 | Create | Villager (Male) |
| 5:40 | Research | Loom |
| 6:06 | Create | Villager (Male) |
| 6:21 | Research | Feudal Age |
| 6:39 | Create | Unit 2550 |
| 6:39 | Create | Unit 2550 |
| 6:57 | Create | Unit 2550 |
| 6:57 | Create | Unit 2550 |
| 7:17 | Create | Villager (Male) |
| 7:24 | Build | House |
| 7:59 | Create | Unit 2550 |
| 8:11 | Create | Villager (Male) |
| 8:21 | Create | Villager (Male) |
| 8:50 | Age | Feudal Age |
| 8:52 | Build | Archery Range |
| 8:53 | Research | Tech 1402 |
| 8:53 | Research | Tech 1402 |
| 8:55 | Research | Double-Bit Axe |
| 8:55 | Research | Horse Collar |
| 9:07 | Create | Villager (Male) |
| 9:08 | Build | Palisade Wall |
| 9:18 | Build | Palisade Wall |
| 9:19 | Build | Palisade Wall |
| 9:20 | Build | Palisade Wall |
| 9:31 | Build | Palisade Wall |
| 9:34 | Create | Villager (Male) |
| 9:49 | Build | Settlement |
| 9:50 | Create | Villager (Male) |
| 9:58 | Create | Villager (Male) |
| 10:10 | Create | Villager (Male) |
| 10:33 | Build | Palisade Wall |
| 10:35 | Create | Villager (Male) |
| 10:40 | Build | Palisade Wall |
| 10:48 | Create | Archer |
| 10:49 | Create | Archer |
| 10:52 | Build | Farm |
| 10:52 | Build | Farm |
| 10:56 | Build | Farm |
| 11:06 | Create | Villager (Male) |
| 11:09 | Build | Farm |
| 11:20 | Create | Skirmisher |
| 11:33 | Create | Villager (Male) |
| 11:40 | Build | House |
| 11:45 | Create | Skirmisher |
| 11:57 | Build | Palisade Wall |
| 11:58 | Build | Palisade Wall |
| 12:01 | Build | Palisade Wall |
| 12:02 | Build | Palisade Wall |
| 12:04 | Create | Villager (Male) |
| 12:08 | Build | House |
| 12:09 | Create | Skirmisher |
| 12:12 | Create | Villager (Male) |
| 12:19 | Build | Palisade Wall |
| 12:27 | Create | Archer |
| 12:36 | Create | Villager (Male) |
| 12:38 | Build | Farm |
| 12:51 | Create | Villager (Male) |
| 13:00 | Build | House |
| 13:04 | Build | Palisade Wall |
| 13:12 | Create | Villager (Male) |
| 13:24 | Create | Skirmisher |
| 13:29 | Build | Farm |
| 13:29 | Build | Farm |
| 13:31 | Build | Farm |
| 13:33 | Build | House |
| 13:39 | Create | Archer |
| 13:43 | Build | Farm |
| 13:52 | Create | Villager (Male) |
| 14:08 | Build | House |
| 14:09 | Create | Skirmisher |
| 14:22 | Create | Villager (Male) |
| 14:25 | Create | Skirmisher |
| 14:32 | Create | Villager (Male) |
| 14:39 | Create | Skirmisher |
| 14:46 | Build | House |
| 14:48 | Create | Archer |
| 14:54 | Build | Blacksmith |
| 14:58 | Build | Farm |
| 15:07 | Create | Villager (Male) |
| 15:09 | Build | Settlement |
| 15:15 | Create | Archer |
| 15:24 | Build | House |
| 15:26 | Build | House |
| 15:41 | Create | Villager (Male) |
| 15:43 | Create | Archer |
| 15:45 | Create | Villager (Male) |
| 15:49 | Build | House |
| 15:51 | Create | Villager (Male) |
| 15:59 | Research | Fletching |
| 16:07 | Create | Villager (Male) |
| 16:17 | Build | Palisade Wall |
| 16:18 | Build | Palisade Wall |
| 16:19 | Create | Villager (Male) |
| 16:30 | Create | Villager (Male) |
| 16:31 | Build | Farm |
| 16:31 | Build | Farm |
| 16:33 | Build | Farm |
| 16:35 | Create | Villager (Male) |
| 16:39 | Build | Palisade Wall |
| 16:41 | Create | Villager (Male) |
| 16:43 | Build | Palisade Wall |
| 16:44 | Build | Palisade Wall |
| 16:49 | Build | Farm |
| 16:56 | Build | Farm |
| 16:59 | Create | Archer |
| 17:25 | Create | Villager (Male) |
| 17:35 | Create | Skirmisher |
| 17:38 | Create | Villager (Male) |
| 17:51 | Create | Skirmisher |
| 17:58 | Build | Palisade Wall |
| 18:00 | Build | Archery Range |
| 18:18 | Create | Archer |
| 18:31 | Build | Farm |
| 18:31 | Build | Farm |
| 18:31 | Build | Farm |
| 18:47 | Create | Villager (Male) |
| 18:49 | Build | Palisade Wall |
| 19:08 | Build | Palisade Wall |
| 19:10 | Create | Villager (Male) |
| 19:15 | Create | Archer |
| 19:32 | Research | Horse Collar |
| 19:33 | Research | Castle Age |
| 19:36 | Build | Farm |
| 19:38 | Create | Archer |
| 19:41 | Create | Archer |
| 19:44 | Build | Farm |
| 19:56 | Build | Palisade Wall |
| 19:58 | Research | Gold Mining |
| 20:14 | Build | Farm |
| 20:29 | Build | Farm |
Build order — Oni.Kingstone
First 150 of 335 actions detected
| 0:00 | Create | Villager (Male) |
| 0:01 | Create | Villager (Male) |
| 0:01 | Create | Villager (Male) |
| 0:02 | Build | House |
| 0:03 | Build | House |
| 0:13 | Create | Villager (Male) |
| 1:22 | Create | Villager (Male) |
| 2:05 | Build | Lumber Camp |
| 2:08 | Create | Villager (Male) |
| 2:08 | Create | Villager (Male) |
| 2:45 | Create | Villager (Male) |
| 3:11 | Create | Villager (Male) |
| 3:12 | Create | Villager (Male) |
| 3:18 | Create | Villager (Male) |
| 3:18 | Create | Villager (Male) |
| 3:45 | Create | Villager (Male) |
| 3:52 | Build | House |
| 4:24 | Create | Villager (Male) |
| 4:24 | Create | Villager (Male) |
| 4:24 | Create | Villager (Male) |
| 4:46 | Build | Barracks |
| 4:51 | Create | Villager (Male) |
| 4:58 | Create | Villager (Male) |
| 5:19 | Build | House |
| 5:42 | Create | Villager (Male) |
| 5:56 | Create | Villager (Male) |
| 5:58 | Build | House |
| 5:59 | Build | Palisade Wall |
| 6:31 | Research | Loom |
| 6:41 | Build | Mining Camp |
| 7:07 | Research | Feudal Age |
| 7:22 | Create | Militia |
| 7:45 | Create | Militia |
| 7:58 | Build | Mill |
| 8:09 | Create | Militia |
| 8:16 | Build | Palisade Wall |
| 8:17 | Build | Palisade Wall |
| 8:18 | Build | Palisade Wall |
| 8:19 | Build | Palisade Wall |
| 8:19 | Build | Palisade Wall |
| 8:34 | Build | Palisade Wall |
| 8:35 | Build | Palisade Wall |
| 8:39 | Build | Palisade Wall |
| 8:40 | Build | Palisade Wall |
| 8:41 | Build | Palisade Wall |
| 8:47 | Create | Villager (Male) |
| 8:57 | Create | Villager (Male) |
| 9:18 | Age | Feudal Age |
| 9:18 | Build | Palisade Wall |
| 9:20 | Build | Archery Range |
| 9:31 | Research | Double-Bit Axe |
| 9:48 | Build | House |
| 10:00 | Create | Archer |
| 10:07 | Create | Villager (Male) |
| 10:23 | Create | Villager (Male) |
| 10:24 | Create | Archer |
| 10:41 | Build | Farm |
| 10:45 | Create | Villager (Male) |
| 10:48 | Build | House |
| 10:57 | Create | Archer |
| 11:07 | Create | Skirmisher |
| 11:14 | Create | Villager (Male) |
| 11:16 | Build | House |
| 11:28 | Build | Farm |
| 11:34 | Build | Farm |
| 11:40 | Create | Archer |
| 11:41 | Create | Villager (Male) |
| 11:44 | Build | Farm |
| 11:53 | Build | House |
| 12:00 | Create | Archer |
| 12:04 | Build | Farm |
| 12:05 | Create | Villager (Male) |
| 12:25 | Create | Villager (Male) |
| 12:37 | Build | Blacksmith |
| 12:40 | Create | Skirmisher |
| 12:47 | Build | Palisade Wall |
| 12:48 | Build | Palisade Wall |
| 12:49 | Build | Palisade Wall |
| 13:02 | Create | Villager (Male) |
| 13:18 | Create | Skirmisher |
| 13:24 | Build | House |
| 13:26 | Build | Palisade Wall |
| 13:26 | Build | Palisade Wall |
| 13:30 | Build | Farm |
| 13:30 | Build | Farm |
| 13:38 | Create | Villager (Male) |
| 13:44 | Build | House |
| 13:45 | Build | House |
| 13:51 | Create | Villager (Male) |
| 13:53 | Build | Farm |
| 14:24 | Create | Villager (Male) |
| 14:29 | Build | Farm |
| 14:31 | Build | House |
| 14:36 | Create | Villager (Male) |
| 14:37 | Build | Farm |
| 14:37 | Create | Villager (Male) |
| 14:39 | Build | House |
| 14:48 | Create | Archer |
| 15:05 | Research | Fletching |
| 15:08 | Create | Villager (Male) |
| 15:16 | Create | Skirmisher |
| 15:24 | Create | Villager (Male) |
| 15:26 | Build | Palisade Wall |
| 15:37 | Build | Palisade Wall |
| 15:38 | Create | Villager (Male) |
| 15:43 | Build | Farm |
| 15:44 | Build | Farm |
| 15:50 | Build | Palisade Wall |
| 15:53 | Create | Villager (Male) |
| 15:57 | Build | Farm |
| 16:00 | Create | Skirmisher |
| 16:12 | Build | Farm |
| 16:18 | Create | Villager (Male) |
| 16:23 | Build | Palisade Wall |
| 16:29 | Create | Villager (Male) |
| 16:45 | Build | Market |
| 16:49 | Create | Skirmisher |
| 16:54 | Build | Farm |
| 17:04 | Create | Eagle Scout |
| 17:07 | Create | Villager (Male) |
| 17:12 | Create | Villager (Male) |
| 17:15 | Create | Villager (Male) |
| 17:24 | Create | Skirmisher |
| 17:31 | Create | Eagle Scout |
| 17:33 | Create | Villager (Male) |
| 17:37 | Create | Villager (Male) |
| 17:38 | Create | Skirmisher |
| 17:50 | Build | Farm |
| 17:51 | Create | Skirmisher |
| 18:07 | Build | Farm |
| 18:11 | Build | House |
| 18:13 | Create | Skirmisher |
| 18:15 | Create | Eagle Scout |
| 18:18 | Build | Farm |
| 18:34 | Create | Skirmisher |
| 18:38 | Build | Farm |
| 18:59 | Build | Farm |
| 19:16 | Research | Castle Age |
| 19:16 | Research | Castle Age |
| 19:16 | Research | Castle Age |
| 19:21 | Create | Skirmisher |
| 19:22 | Build | Palisade Wall |
| 19:26 | Create | Skirmisher |
| 19:29 | Create | Eagle Scout |
| 19:48 | Create | Skirmisher |
| 20:13 | Build | Farm |
| 20:13 | Build | Farm |
| 20:14 | Research | Horse Collar |
| 20:32 | Research | Scale Mail Armor |
| 20:32 | Research | Scale Mail Armor |
Match timeline
| 4:32 | wR.Prisma · first_building Barracks |
| 4:46 | Oni.Kingstone · first_building Barracks |
| 5:59 | Oni.Kingstone · wall_segment Palisade Wall x2 |
| 8:16 | Oni.Kingstone · wall_segment Palisade Wall x1 |
| 8:17 | Oni.Kingstone · wall_segment Palisade Wall x1 |
| 8:18 | Oni.Kingstone · wall_segment Palisade Wall x1 |
| 8:19 | Oni.Kingstone · wall_segment Palisade Wall x1 |
| 8:19 | Oni.Kingstone · wall_segment Palisade Wall x1 |
| 8:34 | Oni.Kingstone · wall_segment Palisade Wall x1 |
| 8:35 | Oni.Kingstone · wall_segment Palisade Wall x1 |
| 8:39 | Oni.Kingstone · wall_segment Palisade Wall x1 |
| 8:40 | Oni.Kingstone · wall_segment Palisade Wall x1 |
| 8:41 | Oni.Kingstone · wall_segment Palisade Wall x1 |
| 8:50 | wR.Prisma · age_up feudal |
| 8:52 | wR.Prisma · first_building Archery Range |
| 9:08 | wR.Prisma · wall_segment Palisade Wall x1 |
| 9:18 | Oni.Kingstone · age_up feudal |
| 9:18 | wR.Prisma · wall_segment Palisade Wall x1 |
| 9:18 | Oni.Kingstone · wall_segment Palisade Wall x1 |
| 9:19 | wR.Prisma · wall_segment Palisade Wall x1 |
| 9:20 | Oni.Kingstone · first_building Archery Range |
| 9:20 | wR.Prisma · wall_segment Palisade Wall x1 |
| 9:31 | wR.Prisma · wall_segment Palisade Wall x2 |
| 10:33 | wR.Prisma · wall_segment Palisade Wall x1 |
| 10:40 | wR.Prisma · wall_segment Palisade Wall x1 |
| 11:57 | wR.Prisma · wall_segment Palisade Wall x1 |
| 11:58 | wR.Prisma · wall_segment Palisade Wall x1 |
| 12:01 | wR.Prisma · wall_segment Palisade Wall x1 |
| 12:02 | wR.Prisma · wall_segment Palisade Wall x1 |
| 12:19 | wR.Prisma · wall_segment Palisade Wall x1 |
| 12:47 | Oni.Kingstone · wall_segment Palisade Wall x1 |
| 12:48 | Oni.Kingstone · wall_segment Palisade Wall x1 |
| 12:49 | Oni.Kingstone · wall_segment Palisade Wall x1 |
| 13:04 | wR.Prisma · wall_segment Palisade Wall x1 |
| 13:26 | Oni.Kingstone · wall_segment Palisade Wall x6 |
| 13:26 | Oni.Kingstone · wall_segment Palisade Wall x1 |
| 15:26 | Oni.Kingstone · wall_segment Palisade Wall x6 |
| 15:37 | Oni.Kingstone · wall_segment Palisade Wall x7 |
| 15:50 | Oni.Kingstone · wall_segment Palisade Wall x1 |
| 16:17 | wR.Prisma · wall_segment Palisade Wall x2 |
| 16:18 | wR.Prisma · wall_segment Palisade Wall x9 |
| 16:23 | Oni.Kingstone · wall_segment Palisade Wall x1 |
| 16:39 | wR.Prisma · wall_segment Palisade Wall x7 |
| 16:43 | wR.Prisma · wall_segment Palisade Wall x2 |
| 16:44 | wR.Prisma · wall_segment Palisade Wall x5 |
| 17:58 | wR.Prisma · wall_segment Palisade Wall x3 |
| 18:25 | Oni.Kingstone · first_market_sell 100 stone |
| 18:25 | Oni.Kingstone · first_market_buy 100 food |
| 18:49 | wR.Prisma · wall_segment Palisade Wall x7 |
| 19:08 | wR.Prisma · wall_segment Palisade Wall x1 |
| 19:22 | Oni.Kingstone · wall_segment Palisade Wall x1 |
| 19:56 | wR.Prisma · wall_segment Palisade Wall x1 |
| 21:45 | wR.Prisma · wall_segment Palisade Wall x1 |
| 21:56 | Oni.Kingstone · age_up castle |
| 22:17 | wR.Prisma · age_up castle |
| 22:36 | Oni.Kingstone · first_building Siege Workshop |
| 23:21 | Oni.Kingstone · wall_segment Palisade Wall x1 |
| 25:47 | Oni.Kingstone · first_building Monastery |
| 26:56 | Oni.Kingstone · wall_segment Palisade Wall x1 |
| 27:13 | Oni.Kingstone · wall_segment Palisade Wall x1 |
| 27:22 | Oni.Kingstone · wall_segment Palisade Wall x1 |
| 28:48 | wR.Prisma · first_market_buy 100 food |
| 29:40 | Oni.Kingstone · wall_segment Palisade Wall x1 |
| 29:48 | Oni.Kingstone · wall_segment Palisade Wall x1 |
| 33:34 | wR.Prisma · first_building Siege Workshop |
| 36:02 | Oni.Kingstone · wall_segment Palisade Wall x1 |
| 37:53 | wR.Prisma · first_building Monastery |
| 39:27 | Oni.Kingstone · resign |
[ AI ANALYSIS · 1 CREDIT ]
What really happened in this match?
Wolo.gg analyzes every decision: build order, eco, micro, common mistakes by bracket. Personalized analysis on WhatsApp or Discord in 30 seconds.
Civ guide
Muisca
Perfil
Prisma09